 Dungeon Crawl Stone Soup version 0.30-a0-329-g85436e0a43 (webtiles) character file.

Game seed: 18170345879196423084

3761 bande the Cleaver (level 10, -7/86 HPs)
             Began as a Hill Orc Fighter on Oct 29, 2022.
             Killed from afar by an acid dragon (26 damage)
             ... with a splash of acid
             ... on level 8 of the Dungeon.
             The game lasted 00:16:11 (7284 turns).

bande the Cleaver (Hill Orc Fighter)                Turns: 7284, Time: 00:16:12

Health: -7/86      AC: 10    Str: 20    XL:     10   Next: 15%
Magic:  10/10      EV:  4    Int:  8    God:
Gold:   383        SH: 10    Dex: 14    Spells: 9/9 levels left

rFire   . . .      SeeInvis .    C - +2 war axe (vorpal)
rCold   . . .      Faith    .    t - +0 kite shield
rNeg    . . .      Spirit   .    e - +0 plate armour
rPois   .          Reflect  .    (no helmet)
rElec   .          Harm     .    (no cloak)
rCorr   .          Rampage  .    n - +0 pair of gloves
Will    ++...                    (no boots)
Stlth   ..........               s - amulet of regeneration
HPRegen 1.14/turn                i - ring of willpower
MPRegen 0.12/turn                m - ring of willpower

@: corroded
A: no striking features
a: no special abilities


You were on level 8 of the Dungeon.
You visited 2 branches of the dungeon, and saw 9 of its levels.
You also visited: Sewer.

You collected 395 gold pieces.
You spent 12 gold pieces at shops.

Inventory:

Hand Weapons
 a - a +1 war axe
 x - the +6 hand axe "Nugrots Gepu" {flame, rN++ Dex-3 SInv}
   (You found it on level 5 of the Dungeon)

   It burns those it strikes, dealing additional fire damage.
   Big, fiery blades are also staple armaments of hydra-hunters.
   Dex:       It affects your dexterity (-3).
   rN:        It greatly protects you from negative energy.
   SInv:      It lets you see invisible.
 C - a +2 vorpal war axe (weapon)
Missiles
 j - 2 throwing nets (quivered)
Armour
 e - a +0 plate armour (worn)
 n - a +0 pair of gloves (worn)
 t - a +0 kite shield (worn)
Jewellery
 g - a ring of resist corrosion
 i - a ring of willpower (left hand)
 m - a ring of willpower (right hand)
 r - a ring of positive energy
 s - an amulet of regeneration (around neck)
Wands
 f - a wand of flame (13)
 p - a wand of paralysis (24)
 y - a wand of digging (7)
 z - a wand of roots (10)
Scrolls
 c - a scroll of identify
 o - 3 scrolls of teleportation
 u - a scroll of amnesia
 v - 2 scrolls of enchant weapon
 w - a scroll of silence
 A - a scroll of fear
Potions
 b - a potion of berserk rage
 d - a potion of might
 h - 3 potions of curing
 k - 2 potions of brilliance
 l - 2 potions of mutation
 q - 3 potions of invisibility
 B - a potion of magic
 D - a potion of flight {unknown}


   Skills:
 + Level 7.5 Fighting
 + Level 12.0 Axes
 + Level 7.6 Armour
 + Level 5.7 Shields
 * Level 5.6 Evocations


You had 9 spell levels left.
You didn't know any spells.
Your spell library contained the following spells:

 Spells                   Type           Power      Damage    Failure   Level
 Summon Small Mammal      Summ           0%         N/A       100%        1
 Call Canine Familiar     Summ           0%         N/A       100%        3
 Gell's Gravitas          Tloc           0%         N/A       100%        3
 Kindle Blastsparks       Fire/Tloc/Air  0%         2d10      100%        3
 Summon Guardian Golem    Hex/Summ       0%         N/A       100%        3
 Teleport Other           Tloc           0%         N/A       100%        3
 Fulminant Prism          Conj/Hex       0%         3d5       100%        4
 Iskenderun's Mystic Bla  Conj/Tloc      0%         2d3       100%        4
 Lee's Rapid Deconstruct  Erth           0%         3d4*      100%        5
 Dispersal                Tloc           0%         N/A       100%        6


Dungeon Overview and Level Annotations

Branches:
Dungeon (8/15)             Temple (1/1) D:5           Sewer (visited)
   Lair: D:8-11

Altars:
Ashenzari
Dithmenos
Elyvilon
Gozag
Hepliaklqana
Kikubaaqudgha
Qazlal
Uskayaw
Vehumet
Wu Jian
Xom
Zin
The Shining One

Shops:
D:1 !   D:2 =

Portals:
Abyss: D:4

Annotations:
D:7 1 transporter, Aneyh's ghost, novice TeMo


Message History

You hit the acid dragon but do no damage.
The acid dragon is lightly wounded.
You hit the yak. You hit the yak but do no damage.
The acid dragon bites you but does no damage.
The acid dragon claws you but does no damage.
The yak gores you but does no damage. The yak gores you!
There are monsters nearby!
Unknown command.
You hit the acid dragon.
The acid dragon is heavily wounded.
You hit the yak. x2; You slash the yak!
The acid dragon bites you but does no damage.
The acid dragon claws you. The yak gores you but does no damage.
The yak gores you. x2
Unknown command.
You hit the acid dragon but do no damage.
The acid dragon is heavily wounded.
You hit the yak but do no damage. You hit the yak. You barely miss the yak.
The acid dragon bites you!
The acid dragon claws you but does no damage.
The yak gores you.
* * * LOW HITPOINT WARNING * * *
The yak gores you.
* * * LOW HITPOINT WARNING * * *
The yak barely misses you.
You hit the acid dragon.
The acid dragon is heavily wounded.
You hit the yak but do no damage. You closely miss the yak. You hit the yak.
The acid dragon bites you.
* * * LOW HITPOINT WARNING * * *
The acid dragon barely misses you. You block the yak's attack.
The yak closely misses you. The yak barely misses you.
Unknown command.
You barely miss the acid dragon.
The acid dragon is heavily wounded.
You hit the yak but do no damage. You barely miss the yak.
You hit the yak but do no damage. The acid dragon spits acid at you.
The splash of acid hits you!!
You die...

....# #....#+##..##....
#...####.............)..
........................
#.#.....................
#.#.....................
.........##.....$.......
#.#.##..........<.......
#.#.##.##..............)
# #.##.##....###@Y##....
..##.........YDY# ..# #
####.#..###..#
............
...............
####..#.##.##.##. ......
..... .. .#..#.#......
.# .#.. .# #.


You could see 3 yaks and an acid dragon (catching breath).

Vanquished Creatures
  Pikel (D:5)
  Prince Ribbit (D:5)
  2 small abominations (D:4)
  2 steam dragons
  Menkaure (D:5)
  The ghost of silentkaos13 the Conjurer, an amateur DECj (D:4)
  2 water moccasins
  An orc warrior (D:8)
  An ice beast (D:6)
  4 ogres
  2 lemures (D:5)
  A kobold brigand (D:6)
  3 scorpions
  A gnoll sergeant (D:7)
  8 jellies
  6 hounds
  2 orc priests (D:6)
  Jessica (D:3)
  Ijyb (D:3)
  Natasha (thrice) (D:2)
  Terence (D:3)
  8 iguanas
  7 orc wizards
  13 adders
  5 gnolls
  A river rat (Sewer)
  2 shadow imps
  2 white imps
  2 ufetubi
  3 worms
  27 orcs
  6 bats
  8 endoplasms
  6 giant cockroaches
  6 goblins
  10 hobgoblins
  2 jackals (D:3)
  3 quokkas
  5 ball pythons
  7 frilled lizards
  16 kobolds
  8 rats
192 creatures vanquished.

Vanquished Creatures (others)
  A plant (D:5)
1 creature vanquished.

Grand Total: 193 creatures vanquished

Notes
Turn   | Place    | Note
-------+----------+-------------------------------------------
     0 | D:1      | bande the Hill Orc Fighter began the quest for the Orb.
     0 | D:1      | Reached XP level 1. HP: 19/19 MP: 1/1
   111 | D:1      | Found Pofuroudd's Distillery.
   351 | D:1      | Reached XP level 2. HP: 27/27 MP: 2/2
  1074 | D:1      | Bought a potion of degeneration for 12 gold pieces
  1133 | D:2      | Reached XP level 3. HP: 31/33 MP: 3/3
  1141 | D:2      | Reached skill level 3 in Axes
  1184 | D:2      | Found a faded altar of an unknown god.
  1223 | D:2      | Found Gafam's Jewellery Boutique.
  1224 | D:2      | Noticed Natasha
  1233 | D:2      | Killed Natasha
  1234 | D:2      | Reached XP level 4. HP: 33/40 MP: 4/4
  1607 | D:2      | Noticed Natasha
  1615 | D:2      | Killed Natasha
  1616 | D:2      | Reached skill level 4 in Axes
  1795 | D:2      | Noticed Natasha
  1807 | D:2      | Killed Natasha
  1808 | D:2      | Reached XP level 5. HP: 20/47 MP: 5/5
  1947 | D:3      | Noticed Terence
  1970 | D:3      | Killed Terence
  1971 | D:3      | Reached skill level 5 in Axes
  2144 | D:3      | Found an opulent altar of Gozag.
  2330 | D:3      | Found a glowing drain.
  2339 | Sewer    | Entered a sewer
  2399 | Sewer    | Reached XP level 6. HP: 53/53 MP: 6/6
  2660 | Sewer    | Reached skill level 6 in Axes
  2694 | Sewer    | Found a viscous altar of Jiyva.
  2800 | D:3      | Noticed Ijyb
  2811 | D:3      | Killed Ijyb
  2812 | D:3      | Reached skill level 1 in Evocations
  2886 | D:3      | Noticed Jessica
  2893 | D:3      | Killed Jessica
  3280 | D:4      | Reached XP level 7. HP: 60/60 MP: 7/7
  3309 | D:4      | Found a hide-covered altar of Uskayaw.
  3361 | D:4      | Noticed silentkaos13's ghost (amateur DECj)
  3362 | D:4      | Noticed a small abomination
  3405 | D:4      | Reached skill level 5 in Armour
  3442 | D:4      | Found a hazy altar of Hepliaklqana.
  3722 | D:4      | Reached skill level 5 in Fighting
  3750 | D:4      | Found a transporter.
  3754 | D:4      | Found a transporter.
  3755 | D:4      | Noticed a small abomination
  3829 | D:4      | Reached skill level 7 in Axes
  4049 | D:4      | Killed a small abomination
  4050 | D:4      | Found a one-way gate to the infinite horrors of the Abyss.
  4054 | D:4      | Killed silentkaos13's ghost
  4055 | D:4      | Reached XP level 8. HP: 34/69 MP: 8/8
  4119 | D:4      | Reached skill level 8 in Axes
  4231 | D:5      | Entered Level 5 of the Dungeon
  4488 | D:5      | Found a staircase to the Ecumenical Temple.
  4502 | Temple   | Entered the Ecumenical Temple
  4572 | D:5      | Reached skill level 9 in Axes
  4718 | D:5      | Identified the +6 hand axe "Nugrots Gepu" {flame, rN++
                  | Dex-3 SInv}
  4814 | D:5      | Noticed Pikel
  4829 | D:5      | Killed Pikel
  4830 | D:5      | Reached skill level 5 in Shields
  4830 | D:5      | Reached XP level 9. HP: 49/77 MP: 9/9
  4864 | D:5      | Reached skill level 10 in Axes
  4913 | D:5      | Noticed Prince Ribbit
  4944 | D:5      | Killed Prince Ribbit
  5042 | D:5      | Noticed Menkaure
  5054 | D:5      | Killed Menkaure
  5549 | D:5      | Found an ancient bone altar of Kikubaaqudgha.
  5789 | D:6      | Reached skill level 11 in Axes
  5976 | D:6      | Found a shimmering altar of Xom.
  6021 | D:6      | Reached skill level 5 in Evocations
  6459 | D:7      | HP: 3/79 [poisoned by a water moccasin]
  6460 | D:7      | HP: 1/79 [poisoned by a water moccasin]
  6465 | D:7      | Reached XP level 10. HP: 27/86 MP: 10/10
  6704 | D:7      | Found a glowing silver altar of Zin.
  6792 | D:7      | Found a transporter.
  6794 | D:7      | Noticed Aneyh's ghost (novice TeMo)
  6795 | D:7      | Identified the +9 dire flail of the Harvest {flame, rPois}
  6795 | D:7      | Identified the +6 giant club of Calculation {flame, rF+
                  | Int+2}
  6795 | D:7      | Noticed a two-headed ogre
  7247 | D:8      | Reached skill level 12 in Axes
  7284 | D:8      | Killed from afar by an acid dragon

Illustrated notes

Levels and vault maps discovered:
D:1:      arrival_zaba_pyramid, layout_basic, serial_shops, shop
D:2:      layout_basic, ebering_ecumenical_altar_abandoned, serial_shops,
          nicolae_shop_waterfront, kennysheep_generic_room_15, uniq_natasha
D:3:      layout_loops_ring, nicolae_gozag_cash_rules_everything_around_me,
          portal_sewer_entry_d, uniq_terence, uniq_jessica, uniq_ijyb
D:4:      layout_gridville, nicolae_uskayaw_suspiria,
          nicolae_overflow_hidden_temple, gammafunk_ghost_abyssal_escape,
          grunt_ministairs_2, kennysheep_small_circle
D:5:      cheibrodos_helix_gallery, layout_basic, mainiacjoe_overflow_chevrons,
          minmay_temple_entry_overgrown, uniq_menkaure, uniq_pikel,
          uniq_prince_ribbit1
D:6:      layout_loops_ring, kennysheep_little_box
D:7:      dreamdust_elfheim, layout_layer_cave, zin_academy,
          gammafunk_ghost_smash
D:8:      layout_basic, mainiacjoe_overflow_24_doors, lemuel_tele_altar,
          uniq_erica, uniq_maurice
Temple:   hellmonk_temple_of_storms

Skill      XL: |  1  2  3  4  5  6  7  8  9 10 |
---------------+-------------------------------+-----
Fighting       | 4 5 6 7 |  7.5
Axes           | 3 4 5 6 7 9 11 12 | 12.0
Armour         | 4 5 6 7 |  7.6
Shields        | 4 5 |  5.7
Evocations     | 1 2 4 5 |  5.6

Action                   |  1- 3 |  4- 6 |  7- 9 | 10-12 || total
-------------------------+-------+-------+-------+-------++-------
Melee: War axe           |    79 |   219 |   341 |    44 ||   683
  Use: Scroll            |       |    11 |     4 |     1 ||    16
       Potion            |       |       |     3 |       ||     3
Armor: Plate armour      |    65 |   156 |   191 |    24 ||   436
Dodge: Dodged            |    18 |    52 |    77 |     4 ||   151
Block: Buckler           |    21 |    58 |    66 |       ||   145
       Kite shield       |       |       |       |    15 ||    15

Table legend: (Time is in decaauts)
 A = Elapsed time spent in this place.
 B = Non-inter-level travel time spent in this place.
 C = Inter-level travel time spent in this place.
 D = Time resting spent in this place.
 E = Time spent auto-exploring this place.
 F = Levels seen in this place.
 G = Mean time per level.
                   A        B        C        D        E       F      G
               +--------+--------+--------+--------+--------+-----+--------+
         Total |   7447 |   7225 |    222 |    684 |   4666 |  10 |  744.7 |
       Dungeon |   6955 |   6733 |    222 |    622 |   4427 |   8 |  869.4 |
        Temple |     49 |     49 |      0 |      0 |     28 |   1 |   49.0 |
         Sewer |    441 |    441 |      0 |     62 |    211 |   1 |  441.0 |
               +--------+--------+--------+--------+--------+-----+--------+

Top non-repeatable levels by time:
     D:5: 1317 daAuts
     D:1: 1136 daAuts
     D:4: 1024 daAuts
     D:3: 936 daAuts
     D:6: 889 daAuts
     D:2: 845 daAuts
     D:7: 676 daAuts
   Sewer: 441 daAuts
     D:8: 129 daAuts
  Temple: 49 daAuts
